 Dungeon Crawl Stone Soup version 0.27-a0-1046-g98bf31544f (webtiles) character file.

Game seed: 432707818946535979

457 porpoise the Magician (level 7, 53/53 HPs)
             Began as a Djinni Venom Mage on Apr 20, 2021.
             Quit the game on level 5 of the Dungeon.
             The game lasted 00:13:25 (3941 turns).

porpoise the Magician (Djinni Venom Mage)           Turns: 3941, Time: 00:13:26

Health: 53/53      AC:  2    Str:  7    XL:     7   Next: 6%
Gold:   163        EV: 12    Int: 19    God:
                   SH:  0    Dex: 13

rFire    + + +     SeeInvis .   a - +1 whip (vamp)
rCold    x . .     Faith    .   (no shield)
rNeg     . . .     Spirit   .   c - +0 robe
rPois    ∞         Reflect  .   (no helmet)
rElec    .         Harm     .   (no cloak)
rCorr    .         Rampage  .   (no gloves)
Will     .....                  (boots unavailable)
Stlth    ++........             e - amulet of regeneration
HPRegen  1.17/turn              E - ring of protection from fire
MPRegen  0.00/turn              (no ring)

@: flying
A: fire resistance 2, cold vulnerability 1, float, innate caster, hp casting,
extra vitality 1
a: no special abilities


You were on level 5 of the Dungeon.
You visited 1 branch of the dungeon, and saw 5 of its levels.

You collected 163 gold pieces.

Inventory:

Hand Weapons
 a - a +1 vampiric whip (weapon)
 b - a +0 hunting sling
Missiles
 g - 17 bolts
 m - 140 stones
 q - 19 sling bullets
 t - 2 boomerangs
 x - 43 arrows
Armour
 c - a +0 robe (worn)
Magical Staves
 D - a staff of cold
Jewellery
 e - an amulet of regeneration (around neck)
 E - a ring of protection from fire (left hand)
Wands
 G - a wand of paralysis (8)
Scrolls
 h - 2 scrolls of identify {unknown}
 j - a scroll of noise {unknown}
 l - 2 scrolls of teleportation {unknown}
 n - a scroll of silence {unknown}
 p - 4 scrolls of immolation {unknown}
 r - a scroll of amnesia {unknown}
 u - a scroll of enchant armour {unknown}
 w - a scroll of enchant weapon {unknown}
 y - a scroll of summoning {unknown}
 A - a scroll of fog {unknown}
Potions
 d - 2 potions of resistance {unknown}
 f - 2 potions of curing {unknown}
 i - a potion of invisibility {unknown}
 k - 2 potions of degeneration {unknown}
 o - 3 potions of mutation {unknown}
 s - a potion of attraction {unknown}
 v - 2 potions of brilliance {unknown}
 z - a potion of haste {unknown}
 B - a potion of lignification {unknown}
 C - a potion of heal wounds {unknown}
 F - a potion of experience {unknown}
 H - 2 potions of cancellation {unknown}


   Skills:
 + Level 4.8 Fighting
 - Level 2.1 Dodging
 - Level 1.5 Stealth
 + Level 5.0 Spellcasting


You couldn't memorise any spells.
You knew the following spells:

 Your Spells              Type           Power      Damage    Failure   Level
a - Sting                 Tmut/Pois      92%        1d7       1%          1
b - Conjure Flame         Conj/Fire      23%        6-21      4%          3
i - Ignite Poison         Fire/Tmut/Pois 23%        N/A       4%          3
m - Mephitic Cloud        Conj/Pois/Air  23%        N/A       4%          3
o - Olgreb's Toxic Radia  Pois           23%        N/A       16%         4
r - Corpse Rot            Necr/Air       N/A        N/A       2%          2
s - Freeze                Ice            92%        1d10      1%          1
v - Poisonous Vapours     Pois/Air       46%        N/A       2%          2
Your spell library was empty.

Dungeon Overview and Level Annotations

Branches:
Dungeon (5/15)
 Temple: D:4-7

Altars:
Nemelex Xobeh
Trog
Vehumet

Shops:
D:1 [


Innate Abilities, Weirdness & Mutations

You are immune to poison.
Your flesh is very heat resistant. (rF++)
You are vulnerable to cold. (rC-)
You float through the air rather than walking.
You learn spells naturally, not from books.
Your magical power is your life essence.
You have superior vitality. (+4 HP)


Message History

Press: ? - help, Shift-Dir - straight line, f/p - quokka
Aim: a quokka (almost dead, 67% to hit)
The sting hits the quokka.
The quokka is poisoned.
You kill the quokka!
H - 2 metallic green potions A necrophage comes into view.
You see here a quokka corpse.
You shoot a sling bullet.
The sling bullet hits the necrophage but does no damage.
You shoot a sling bullet. The sling bullet hits the necrophage!
The necrophage is moderately damaged.
The necrophage closely misses you.
Casting: Sting (safe; 1% risk of failure)
Confirm with . or Enter, or press ? or * to list all spells.
Aiming: Mephitic Cloud (dangerous; 5% risk of failure)
Press: ? - help, Shift-Dir - straight line, p - necrophage The ball explodes into a vile cloud!
The stinking cloud engulfs you but does no damage.
The stinking cloud engulfs the necrophage but does no damage.
The necrophage is moderately damaged.
The necrophage misses you.
Casting: Mephitic Cloud (dangerous; 5% risk of failure)
Confirm with . or Enter, or press ? or * to list all spells.
You ignite the poison in your surroundings!
The necrophage is engulfed in blazing flames.
The necrophage barely misses you.
Unknown command.
You feel a sense of dread.
a - a +1 vampiric whip (weapon)
You hit the necrophage but do no damage.
The necrophage is severely damaged.
The necrophage is engulfed in blazing flames.
You destroy the necrophage!
Your Spellcasting skill increases to level 5!
You have reached level 7!
The power to cast Conjure Flame wells up from within.
Spell assigned to 'b'.
You start waiting.
Done waiting.
Are you sure you want to abandon this character and quit the game? (Confirm with "yes".)

#.##.###......#..
...(...........#
#.#.#.#..#....#
#..(..........
###.##...##.#.##
#(............ ##
#......## ###...
#†#..#.#####......
#@...........#
###.##.#######
#.##.#######
##.........#
#########.# #.#
#.# #.# #.#


There were no monsters in sight!

Vanquished Creatures
  Menkaure (D:4)
  A necrophage (D:5)
  An ogre (D:5)
  An orc wizard (D:3)
  A hound skeleton (D:4)
  4 adders
  An adder skeleton (D:4)
  A worm (D:2)
  4 dart slugs
  3 orcs (D:3)
  7 ball pythons
  2 endoplasms
  A giant cockroach (D:1)
  7 goblins
  8 hobgoblins
  7 jackals
  12 kobolds
  4 quokkas
  5 bats
  4 frilled lizards
  6 rats
81 creatures vanquished.

Vanquished Creatures (others)
  4 fungi (D:1)
  5 plants (D:1)
9 creatures vanquished.

Grand Total: 90 creatures vanquished

Notes
Turn   | Place    | Note
-------+----------+-------------------------------------------
     0 | D:1      | porpoise the Djinni Venom Mage began the quest for the Orb.
     0 | D:1      | Reached XP level 1. HP: 15/15 MP: 0/0
    48 | D:1      | Found Acror's Antique Armour Emporium.
   152 | D:1      | Reached skill level 1 in Fighting
   152 | D:1      | Reached XP level 2. HP: 3/22 MP: 0/0
   487 | D:1      | Reached skill level 3 in Spellcasting
  1000 | D:1      | Found a faded altar of an unknown god.
  1040 | D:1      | Reached XP level 3. HP: 27/27 MP: 0/0
  1040 | D:1      | Learned a level 1 spell: Freeze
  1599 | D:2      | Reached XP level 4. HP: 33/33 MP: 0/0
  2286 | D:3      | Found a bloodstained altar of Trog.
  2386 | D:3      | Found a sparkling altar of Nemelex Xobeh.
  2470 | D:3      | Reached XP level 5. HP: 40/40 MP: 0/0
  2470 | D:3      | Learned a level 2 spell: Corpse Rot
  3128 | D:4      | Noticed Menkaure
  3141 | D:4      | Killed Menkaure
  3142 | D:4      | Reached skill level 4 in Spellcasting
  3142 | D:4      | Reached XP level 6. HP: 12/47 MP: 0/0
  3612 | D:5      | Entered Level 5 of the Dungeon
  3829 | D:5      | Noticed a necrophage
  3840 | D:5      | Killed a necrophage
  3841 | D:5      | Reached skill level 5 in Spellcasting
  3841 | D:5      | Reached XP level 7. HP: 53/53 MP: 0/0
  3841 | D:5      | Learned a level 3 spell: Conjure Flame
  3941 | D:5      | Quit the game

Illustrated notes

Levels and vault maps discovered:
D:1:      onia_arrival_mini_spirals, layout_rooms,
          shapermc_ecumenical_altar_mp_ritualfount, serial_shops,
          nicolae_shop_crystal
D:2:      layout_basic, minmay_goblin_kobold_house
D:3:      layout_basic, trog_three_pillars_becter, minitemple,
          hangedman_decor_lopped
D:4:      layout_rooms, mrwooster_statue_mirror, chequers_serial_rivers_micro_a,
          uniq_menkaure
D:5:      layout_basic, nicolae_overflow_hidden_temple, kennysheep_small_square

Skill      XL: |  1  2  3  4  5  6 |
---------------+-------------------+-----
Fighting       | 1 2 3 4 |  4.8
Spellcasting   | 3 4 5 |  5.0
Dodging        | |  2.1
Stealth        | |  1.5

Action                   |  1- 3 |  4- 6 |  7- 9 || total
-------------------------+-------+-------+-------++-------
Melee: Dagger            |    23 |       |       ||    23
       Short sword       |     6 |       |       ||     6
       Whip              |    21 |     9 |       ||    30
 Fire: Hunting sling     |    10 |    52 |       ||    62
 Cast: Sting             |    36 |    35 |       ||    71
       Freeze            |    10 |    20 |       ||    30
       Mephitic Cloud    |       |     5 |       ||     5
       Ignite Poison     |       |     5 |       ||     5
 Stab: Distracted        |     1 |       |       ||     1
Armor: Robe              |    15 |     6 |       ||    21
Dodge: Dodged            |    58 |    14 |       ||    72

Table legend: (Time is in decaauts)
 A = Elapsed time spent in this place.
 B = Non-inter-level travel time spent in this place.
 C = Inter-level travel time spent in this place.
 D = Time resting spent in this place.
 E = Time spent auto-exploring this place.
 F = Levels seen in this place.
 G = Mean time per level.
                   A        B        C        D        E       F      G
               +--------+--------+--------+--------+--------+-----+--------+
         Total |   3948 |   3855 |     93 |   1239 |   2039 |   5 |  789.6 |
       Dungeon |   3948 |   3855 |     93 |   1239 |   2039 |   5 |  789.6 |
               +--------+--------+--------+--------+--------+-----+--------+

Top non-repeatable levels by time:
     D:1: 1341 daAuts
     D:2: 798 daAuts
     D:3: 793 daAuts
     D:4: 684 daAuts
     D:5: 329 daAuts
